 Dungeon Crawl Stone Soup version 0.29.1-15-g9cfb28693d (webtiles) character file.

Game seed: 8410235269678452879

81692 Calibrex the Brawler (level 15, -20/156 HPs)
             Began as a Troll Fighter on Mar 30, 2023.
             Was a High Priest of Wu Jian.
             Demolished by a white ugly thing (24 damage)
             ... on level 14 of the Dungeon.
             The game lasted 01:49:01 (18927 turns).

Calibrex the Brawler (Troll Fighter)               Turns: 18927, Time: 01:49:02

Health: -20/156    AC:  4    Str: 31    XL:     15   Next: 27%
Magic:  5/5        EV:  9    Int: 10    God:    Wu Jian [*****.]
Gold:   964        SH: 17    Dex:  9    Spells: 14/14 levels left

rFire   . . .      SeeInvis +     - Unarmed
rCold   . . .      Faith    .   U - +1 tower shield
rNeg    . . .      Spirit   .   x - +2 steam dragon scales
rPois   .          Reflect  .   (helmet restricted)
rElec   +          Harm     .   T - +2 cloak
rCorr   .          Rampage  .   (gloves unavailable)
Will    +....                   (boots unavailable)
Stlth   ++........              R - amulet of regeneration
HPRegen 1.96/turn               g - ring of flight
MPRegen 0.09/turn               D - ring "Ypse" {rElec MP-9 Str+3 SInv Stlth+}

@: corroded, flying, studying Translocations
A: large, unfitting armour, claws 3, regeneration 1, shaggy fur 1, tough skin 1
a: Renounce Religion, Wall Jump, Serpent's Lash, Heavenly Storm


You were on level 14 of the Dungeon.
You worshipped Wu Jian.
Wu Jian was extremely pleased with you.
You visited 5 branches of the dungeon, and saw 23 of its levels.
You also visited: Ossuary and Volcano.

You collected 2409 gold pieces.
You spent 1445 gold pieces at shops.

Inventory:

Missiles
 a - 11 curare-tipped darts
 f - 6 boomerangs
 n - 6 atropa-tipped darts
 o - 25 poisoned darts (quivered)
 v - 5 datura-tipped darts
 K - 2 throwing nets
 N - 6 boomerangs of dispersal
 O - 2 silver javelins
 X - 5 javelins
Armour
 x - +2 steam dragon scales (worn)
 T - a +2 cloak (worn)
 U - a +1 tower shield (worn)
Jewellery
 g - a ring of flight (left claw)
 i - a ring of positive energy
 C - a ring of willpower
 D - the ring "Ypse" (right claw) {rElec MP-9 Str+3 SInv Stlth+}
   (You took it off an orc wizard on level 7 of the Dungeon)

   [ring of see invisible]

   Str:       It affects your strength (+3).
   rElec:     It insulates you from electricity.
   MP:        It affects your magic capacity (-9).
   SInv:      It lets you see invisible.
   Stlth:     It makes you more stealthy.
 G - a +4 ring of protection
 I - a ring of resist corrosion
 L - a ring of protection from fire
 R - an amulet of regeneration (around neck)
Wands
 y - a wand of polymorph (7)
 z - a wand of flame (17)
 A - a wand of iceblast (28)
 M - a wand of acid (10)
 Q - a wand of mindburst (5)
Scrolls
 l - a scroll of summoning
 m - 5 scrolls of teleportation
 t - 2 scrolls of poison
 w - 4 scrolls of fear
 B - 4 scrolls of blinking
 E - a scroll of fog
 F - 2 scrolls of silence
 P - a scroll of vulnerability
 W - 2 scrolls of amnesia
Potions
 c - 5 potions of might
 d - 2 potions of flight
 e - 2 potions of ambrosia
 h - a potion of lignification
 j - a potion of resistance
 k - 10 potions of curing
 q - a potion of mutation
 r - a potion of berserk rage
 s - 2 potions of heal wounds
 u - 5 potions of brilliance
 H - 2 potions of invisibility
 J - 2 potions of magic
 V - a potion of cancellation
 Z - 2 potions of haste
Miscellaneous
 Y - a phantom mirror


   Skills:
 + Level 11.6 Fighting
 + Level 7.4 Dodging
 + Level 12.6 Shields
 * Level 18.5 Unarmed Combat


You had 14 spell levels left.
You didn't know any spells.
Your spell library contained the following spells:

 Spells                   Type           Power      Damage    Failure   Level
 Apportation              Tloc           0%         N/A       77%         1
 Magic Dart               Conj           0%         1d3       77%         1
 Necrotise                Necr           0%         1d4       77%         1
 Sting                    Tmut/Pois      0%         1d3       77%         1
 Summon Small Mammal      Summ           0%         N/A       77%         1
 Poisonous Vapours        Pois/Air       0%         N/A       88%         2
 Searing Ray              Conj           0%         2d4       88%         2
 Call Canine Familiar     Summ           0%         N/A       98%         3
 Confusing Touch          Hex            0%         N/A       98%         3
 Dazzling Flash           Conj/Hex       0%         N/A       98%         3
 Ignite Poison            Fire/Tmut/Pois 0%         N/A       98%         3
 Mephitic Cloud           Conj/Pois/Air  0%         N/A       98%         3
 Summon Guardian Golem    Hex/Summ       0%         N/A       98%         3
 Vampiric Draining        Necr           0%         2d6       98%         3
 Animate Armour           Summ/Erth      0%         N/A       100%        4
 Fulminant Prism          Conj/Hex       0%         3d6       100%        4
 Leda's Liquefaction      Hex/Erth       0%         N/A       100%        4
 Olgreb's Toxic Radiance  Pois           0%         N/A       100%        4
 Summon Lightning Spire   Summ/Air       0%         N/A       100%        4
 Agony                    Necr           0%         N/A       100%        5
 Blade Hands              Tmut           0%         N/A       100%        5
 Freezing Cloud           Conj/Ice/Air   0%         6-21      100%        5
 Lee's Rapid Deconstruct  Erth           0%         3d5*      100%        5
 Silence                  Hex/Air        0%         N/A       100%        5
 Yara's Violent Unravell  Hex/Tmut       0%         3d3       100%        5
 Iron Shot                Conj/Erth      0%         9d1       100%        6
 Statue Form              Tmut/Erth      0%         N/A       100%        6
 Enfeeble                 Hex            0%         N/A       100%        7
 Storm Form               Tmut/Air       0%         N/A       100%        7
 Maxwell's Capacitive Co  Air            0%         ∞         100%        8


Dungeon Overview and Level Annotations

Branches:
Dungeon (14/15)            Temple (1/1) D:6            Lair (5/5) D:10
 Shoals (0/4) Lair:3       Spider (1/4) Lair:3        Slime (0/5) Lair:4
    Orc (2/2) D:12            Elf (0/3) Orc:2       Ossuary (visited)
Volcano (visited)
 Vaults: D:13-14

Altars:
Ashenzari
Cheibriados
Dithmenos
Elyvilon
Fedhas
Gozag
Hepliaklqana
Kikubaaqudgha
Makhleb
Nemelex Xobeh
Okawaru
Qazlal
Ru
Sif Muna
Trog
Uskayaw
Vehumet
Wu Jian
Xom
Yredelemnul
Zin
The Shining One
Jiyva

Shops:
D:1 [   D:10 =   D:12 !=:   Orc:1 [   Orc:2 ![[![

Annotations:
Lair:2 exclusion: oklob plant
Lair:4 4 runed translucent doors, exclusion: 3 doors, Lutiheq's ghost, journeyman DrTm; Seidenschwarz's ghost, journeyman MiFi; Vufrucs's ghost, journeyman DrTm


Innate Abilities, Weirdness & Mutations

You are too large for most types of armour.
You have claws for hands.
Your natural rate of healing is unusually fast.
You are covered in fur. (AC +1)
You have tough skin. (AC +1)


Message History

You eviscerate the brown ugly thing!!!
The brown ugly thing is severely wounded.
You block the centaur warrior's attack. x2
You block the brown ugly thing's attack.
The purple ugly thing basks in the mutagenic energy from its kin and changes!
The brown ugly thing is engulfed in poison gas.
The brown ugly thing looks as sick as possible!
You block the brown ugly thing's attack.
The queen bee is engulfed in poison gas.
The queen bee looks even sicker.
You mangle the centaur warrior!!
The centaur warrior is severely wounded.
The centaur warrior hits you!
* * * LOW HITPOINT WARNING * * *
You block the centaur warrior's attack.
You block the brown ugly thing's attack.
The centaur warrior misses you. You block the centaur warrior's attack.
You scratch the centaur warrior.
The centaur warrior is severely wounded.
The brown ugly thing looks as sick as possible!
You block the brown ugly thing's attack.
The queen bee is engulfed in poison gas.
The queen bee looks as sick as possible!
The brown ugly thing claws you!
* * * LOW HITPOINT WARNING * * *
The acid corrodes you!
You are splashed with acid!
* * * LOW HITPOINT WARNING * * *
The centaur warrior barely misses you.
The centaur warrior kicks you but does no damage.
Blink to where?
Press: ? - help, Dir - move target
As you read the scroll of blinking, it crumbles to dust.
The brown ugly thing is engulfed in poison gas.
The brown ugly thing looks as sick as possible!
You kill the brown ugly thing!
The Council accepts your kill.
The white ugly thing tentacle-slaps you!
* * * LOW HITPOINT WARNING * * *
The white ugly thing freezes you!!
You die...

#+ #.. ...#
#####§#§#
#☼§.○§○##
####+###§§.§☼...
#§☼§§§☼#§§☼.....
#§§§☼§§§@#§#
+§§§☼§uuu§.#
#§○§☼§uuc#S###§○
#....uu#§§☼§§.§○
#....<)#y#§#○#§§
####+###§☼.§§..
#####☼§## #§§☼
##


You could see 7 ugly things, a centaur warrior, a black mamba and a queen bee
(extremely poisoned).

Vanquished Creatures
  A fire giant (D:10)
  A great orb of eyes (D:10)
  5 hydras
  5 catoblepae
  Erica (D:11)
  3 centaur warriors
  4 two-headed ogres
  3 tengu warriors
  5 orc high priests (Orc:2)
  9 death yaks
  A hell knight (Volcano)
  Sonja (D:11)
  3 deep elf pyromancers
  6 ugly things
  A cyclops (Orc:1)
  5 orc knights (Orc:2)
  4 manticores
  3 orc sorcerers
  3 black mambas
  7 elephants (Lair:5)
  A smoke demon (Volcano)
  Maurice (D:12)
  A molten gargoyle (Volcano)
  Maggie (D:8)
  A gargoyle (D:12)
  A torpor snail (Lair:5)
  13 cane toads
  3 kobold demonologists (D:13)
  9 komodo dragons
  3 efreet
  2 rime drakes
  3 unseen horrors
  3 red devils (Volcano)
  7 trolls
  A polar bear (Lair:3)
  A hornet (D:8)
  11 blink frogs
  12 dream sheep (Lair:5)
  A centaur simulacrum (D:13)
  2 slime creatures (D:7)
  Sigmund (D:2)
  2 shadows
  A vampire (D:12)
  6 wraiths
  84 yaks
  6 wyverns
  3 basilisks
  8 fire bats (Volcano)
  Grum (D:11)
  9 vampire mosquitoes
  3 steam dragons
  2 wargs (Orc:1)
  5 acid dragons
  11 water moccasins
  2 hell hounds (Volcano)
  3 sky beasts
  28 orc warriors
  3 black bears
  An ice beast (D:7)
  An ogre (D:6)
  3 wolves
  7 centaurs
  4 kobold brigands
  15 bullfrogs
  2 necrophages
  10 scorpions
  3 gnoll sergeants
  10 wights
  14 killer bees
  2 electric eels (D:10)
  A howler monkey (D:9)
  7 lava snakes (Volcano)
  3 centaur zombies (Ossuary)
  A human zombie (Ossuary)
  A gnoll bouda (D:5)
  A jelly (D:5)
  26 orc priests
  Jessica (D:2)
  Terence (D:2)
  5 iguanas
  15 orc wizards
  2 ogre zombies (Ossuary)
  7 mummies (Ossuary)
  Robin (D:2)
  18 gnolls
  6 adders
  5 white imps
  An adder zombie (Ossuary)
  6 worms
  4 dart slugs
  50 orcs
  9 ball pythons
  7 endoplasms
  4 giant cockroaches
  15 goblins
  13 hobgoblins
  8 jackals
  4 quokkas
  5 bats
  A frilled lizard (D:1)
  A gnoll zombie (Ossuary)
  4 goblin zombies (Ossuary)
  3 hobgoblin zombies (Ossuary)
  16 kobolds
  7 kobold zombies (Ossuary)
  5 quokka zombies (Ossuary)
  9 rats
  3 rat zombies (Ossuary)
674 creatures vanquished.

Vanquished Creatures (collateral kills)
  3 orcs (D:4)
3 creatures vanquished.

Vanquished Creatures (others)
  A vampire (D:10)
  A yak (Lair:5)
  An orc priest (D:7)
  25 fungi
  38 plants
66 creatures vanquished.

Grand Total: 743 creatures vanquished

Notes
Turn   | Place    | Note
-------+----------+-------------------------------------------
     0 | D:1      | Calibrex the Troll Fighter began the quest for the Orb.
     0 | D:1      | Reached XP level 1. HP: 22/22 MP: 0/0
   104 | D:1      | Reached XP level 2. HP: 25/29 MP: 1/1
   280 | D:1      | Reached XP level 3. HP: 36/36 MP: 2/2
   300 | D:1      | Found Foinaem's Antique Armour Boutique.
   369 | D:1      | Found a faded altar of an unknown god.
   670 | D:2      | Reached skill level 3 in Unarmed Combat
   689 | D:2      | Noticed Sigmund
   702 | D:2      | Noticed Terence
   704 | D:2      | Killed Sigmund
   705 | D:2      | Reached skill level 4 in Unarmed Combat
   705 | D:2      | Reached XP level 4. HP: 10/45 MP: 3/3
   705 | D:2      | Reached XP level 5. HP: 12/53 MP: 4/4
   775 | D:2      | Noticed Robin
   801 | D:2      | Killed Robin
   865 | D:2      | Noticed Jessica
   867 | D:2      | Killed Jessica
   982 | D:2      | Reached XP level 6. HP: 61/61 MP: 5/5
  1007 | D:2      | Killed Terence
  1209 | D:2      | Identified the +5 ring mail "Powkuj" {*Corrode rElec Will++
                  | Int+3}
  1556 | D:3      | Reached skill level 5 in Unarmed Combat
  2102 | D:4      | Reached XP level 7. HP: 67/68 MP: 6/6
  2517 | D:4      | Found an opulent altar of Gozag.
  2536 | D:5      | Entered Level 5 of the Dungeon
  2579 | D:5      | Reached skill level 6 in Unarmed Combat
  3024 | D:5      | Reached skill level 5 in Shields
  3024 | D:5      | Reached XP level 8. HP: 79/79 MP: 7/7
  3205 | D:6      | Reached skill level 7 in Unarmed Combat
  3236 | D:6      | Found a radiant altar of Vehumet.
  3561 | D:6      | Reached skill level 5 in Fighting
  3619 | D:6      | Reached skill level 8 in Unarmed Combat
  3850 | D:6      | Reached XP level 9. HP: 77/88 MP: 8/8
  3850 | D:6      | Found a staircase to the Ecumenical Temple.
  3862 | Temple   | Entered the Ecumenical Temple
  3893 | Temple   | Became a worshipper of the Wu Jian Council
  4135 | D:7      | Reached skill level 9 in Unarmed Combat
  4338 | D:7      | Reached skill level 10 in Unarmed Combat
  4354 | D:7      | Identified the ring "Ypse" {rElec MP-9 Str+3 SInv Stlth+}
  4383 | D:7      | Noticed a two-headed ogre
  4558 | D:7      | Noticed a five-headed hydra
  4634 | D:7      | Found a shimmering blue altar of Sif Muna.
  4732 | D:7      | Reached XP level 10. HP: 48/100 MP: 9/9
  4851 | D:7      | Reached * piety under Wu Jian
  5022 | D:8      | Found a sand-covered staircase.
  5027 | Ossuary  | Entered an ossuary
  5357 | Ossuary  | Reached skill level 11 in Unarmed Combat
  5366 | Ossuary  | Reached ** piety under Wu Jian
  5603 | D:8      | Noticed Maggie
  5621 | D:8      | Killed Maggie
  5621 | D:8      | Noticed a two-headed ogre
  5629 | D:8      | Killed a two-headed ogre
  6464 | D:9      | Reached skill level 12 in Unarmed Combat
  6521 | D:9      | Reached XP level 11. HP: 68/109 MP: 10/10
  6804 | D:10     | Entered Level 10 of the Dungeon
  6884 | D:10     | Reached *** piety under Wu Jian
  6966 | D:10     | Identified the +2 chain mail "Egem" {rF- Str-4 Int+6 Dex+9}
  7150 | D:10     | Found a staircase to the Lair.
  7205 | D:10     | Found Wethay's Jewellery Emporium.
  7403 | D:10     | HP: 3/111 [manticore (7)]
  7670 | D:10     | Reached skill level 13 in Unarmed Combat
  7719 | D:10     | Noticed a two-headed ogre
  7732 | D:10     | Killed a two-headed ogre
  7827 | D:10     | Noticed a deep elf pyromancer
  7827 | D:10     | Noticed a tengu warrior
  7833 | D:10     | Noticed a fire giant
  7963 | D:10     | Noticed a centaur warrior
  8051 | Lair:1   | Entered Level 1 of the Lair of Beasts
  8275 | D:1      | Bought a tower shield for 112 gold pieces
  8381 | D:7      | Killed a two-headed ogre
  8528 | D:7      | Killed a ten-headed hydra
  9046 | Lair:1   | Reached skill level 14 in Unarmed Combat
  9046 | Lair:1   | Reached XP level 12. HP: 122/122 MP: 2/11
  9644 | Lair:2   | Reached **** piety under Wu Jian
  9781 | Lair:2   | Noticed an eight-headed hydra
  9787 | Lair:2   | Killed an 11-headed hydra
  9840 | Lair:2   | Reached skill level 10 in Shields
 10246 | Lair:2   | Found a bloodstained altar of Trog.
 10810 | Lair:3   | Reached skill level 15 in Unarmed Combat
 10865 | Lair:3   | Found a hole to the Spider Nest.
 11214 | Lair:3   | Identified the +0 leather armour of the Ant {rCorr Str+2}
 11261 | Lair:3   | Found a staircase to the Shoals.
 11274 | Lair:3   | Reached ***** piety under Wu Jian
 11615 | Spider:1 | Entered Level 1 of the Spider Nest
 11841 | Lair:4   | Found a runed translucent gate.
 11841 | Lair:4   | Found a runed translucent gate.
 11841 | Lair:4   | Found a runed translucent gate.
 11842 | Lair:4   | Noticed Seidenschwarz's ghost (journeyman MiFi)
 11842 | Lair:4   | Noticed Vufrucs's ghost (journeyman DrTm)
 11842 | Lair:4   | Noticed Lutiheq's ghost (journeyman DrTm)
 12089 | Lair:4   | Found a runed translucent door.
 12091 | Lair:4   | Found a viscous altar of Jiyva.
 12092 | Lair:4   | Noticed an azure jelly
 12093 | Lair:4   | Found a staircase to the Slime Pits.
 12108 | Lair:4   | Noticed a seven-headed hydra
 12116 | Lair:4   | Killed a nine-headed hydra
 12116 | Lair:4   | Reached XP level 13. HP: 132/132 MP: 3/12
 12320 | Lair:4   | Identified the +6 trident "Murmur" {venom, *Slow rPois
                  | Will- Stlth+}
 12667 | Lair:5   | Entered Level 5 of the Lair of Beasts
 12694 | Lair:5   | Reached skill level 10 in Fighting
 12715 | Lair:5   | Reached skill level 16 in Unarmed Combat
 12867 | Lair:5   | Identified the +2 chain mail of Glamorous Happiness {rElec
                  | rC+ Stlth-}
 12955 | Lair:5   | Reached skill level 5 in Dodging
 13421 | Lair:5   | Reached XP level 14. HP: 133/144 MP: 4/13
 13472 | Lair:5   | Reached skill level 17 in Unarmed Combat
 13807 | Lair:5   | Identified the +8 hand axe of the Onslaught {pain, Drain
                  | Will++ Int+5}
 14112 | D:10     | Killed a fire giant
 14578 | D:11     | Noticed Erica
 14590 | D:11     | Killed Erica
 14653 | D:11     | Found a snail-covered altar of Cheibriados.
 14853 | D:11     | Noticed Sonja
 14856 | D:11     | Killed Sonja
 14865 | D:11     | Identified the ring "Gukh" {Ice SInv}
 14919 | D:11     | Noticed Grum
 14945 | D:11     | Killed Grum
 15509 | D:12     | Found Kuosoh's Distillery.
 15597 | D:12     | Found Liabb's Book Boutique.
 15598 | D:12     | Noticed Maurice
 15619 | D:12     | Killed Maurice
 15626 | D:12     | Bought a book of the Earth for 504 gold pieces
 15652 | D:12     | Found Piwupsec's Jewellery Emporium.
 15655 | D:12     | Bought a ring of willpower for 325 gold pieces
 15655 | D:12     | Bought an amulet of regeneration for 390 gold pieces
 16115 | D:12     | Found a staircase to the Orcish Mines.
 16162 | Orc:1    | Entered Level 1 of the Orcish Mines
 16196 | Orc:1    | Found a dark tunnel.
 16201 | Orc:1    | Found Jiant's Armour Shoppe.
 16273 | Volcano  | Entered a volcano
 16506 | Volcano  | Found a radiant altar of Vehumet.
 16654 | Volcano  | Reached skill level 18 in Unarmed Combat
 17028 | Orc:2    | Entered Level 2 of the Orcish Mines
 17094 | Orc:2    | Found Xigej's Armour Boutique.
 17429 | Orc:2    | Reached XP level 15. HP: 59/154 MP: 5/14
 17466 | Orc:2    | Found Tyshel's Distillery.
 17466 | Orc:2    | Found Zirchul's Distillery.
 17467 | Orc:2    | Found Pivelaok's Armour Shoppe.
 17467 | Orc:2    | Found Foutyso's Antique Armour Emporium.
 17519 | Orc:2    | Bought a runed robe for 114 gold pieces
 17625 | Orc:2    | Found a staircase to the Elven Halls.
 18543 | D:13     | HP: 7/154 [efreet/fireball (28)]
 18927 | D:14     | HP: 4/156 [white ugly thing (12)]
 18927 | D:14     | Demolished by a white ugly thing

Illustrated notes

Levels and vault maps discovered:
D:1:      nagdon_arrival_double_spiral, layout_basic, serial_shops,
          shop_fountains, shapermc_ecumenical_altar_ellora,
          dreamdust_princess_corridor, minmay_surrounded
D:2:      layout_basic, uniq_robin, uniq_terence, uniq_jessica, uniq_sigmund
D:3:      layout_basic, amcnicky_mini_rare_corridor_liquid
D:4:      layout_rooms, lemuel_coloured_pillars_altar, minmay_misc_feat_cross
D:5:      layout_rooms, minmay_misc_feat_encased
D:6:      layout_loops_corners, nicolae_vehumet_altar_sigil,
          minmay_temple_entry_poolview
D:7:      minmay_the_grid_triangle_9x9_recursive_2
          [minmay_the_grid_triangle_9x9_prize_center,
          minmay_the_grid_triangle_9x9_negative_grid,
          minmay_the_grid_triangle_9x9_alien,
          minmay_the_grid_triangle_9x9_intruding_spiral], layout_loops_cross,
          mainiacjoe_overflow_paths
D:8:      layout_cave_pools, enter_ossuary_2, uniq_maggie
D:9:      layout_cave_pools, minmay_stone_trees_medium,
          nicolae_concentric_dashed_squares_mild
D:10:     nzn_winding_woodlands_stair_cross
          [nzn_winding_woodlands_5x15_sawtooth,
          nzn_winding_woodlands_center_triple_pond,
          nzn_winding_woodlands_5x15_river_crossing,
          nzn_winding_woodlands_5x5_closed_star,
          nzn_winding_woodlands_5x5_cross,
          nzn_winding_woodlands_5x15_pathside_ponds,
          nzn_winding_woodlands_center_lodge,
          nzn_winding_woodlands_5x15_lazy_stream], layout_loops_corners,
          lair_entry_dummy, serial_shops, nicolae_shop_crystal,
          hangedman_abyss_or_decor_lesser_grid
D:11:     layout_cave_pools, nicolae_sextant, cheibrodos_worm_habitat,
          uniq_erica, uniq_sonja, uniq_grum
D:12:     kennysheep_six_static_rooms, layout_stronghold, serial_shops,
          nicolae_shop_waterfront, shop, kennysheep_mini, uniq_maurice
D:13:     layout_rooms, lemuel_another_geyser
D:14:     layout_roguey, david_vaults_2, glass_columns_c, uniq_lodul,
          uniq_kirke, uniq_rupert, uniq_jorgrun, uniq_nessos
Temple:   hellmonk_temple_of_storms
Lair:1:   layout_loops_ring
Lair:2:   layout_regular_city, lemuel_oklob_altar, grunt_megastairs_5
Lair:3:   layout_loops_ring, elwin_shoals_entry_rocks,
          nicolae_spider_entry_non_spiders
Lair:4:   layout_long_grid, slime_entry_2, gammafunk_ghost_cemetery,
          infiniplex_staircase_pool_2
Lair:5:   evilmike_catoblepas_cave, layout_long_grid, grunt_megastairs_2
Spider:1: layout_spider_delve, uniq_josephine, uniq_aizul, uniq_asterion,
          uniq_roxanne
Orc:1:    layout_caves, basic_altar, serial_shops, nicolae_shop_crystal,
          nicolae_volcano_entry_lava_flow
Orc:2:    st_orc_pillars, layout_diamond_mine, serial_shops, nicolae_shop_trees

Skill      XL: |  1  2  3  4  5  6  7  8  9 10 11 12 13 14 |
---------------+-------------------------------------------+-----
Shields        | 3 4 5 7 8 9 10 11 12 | 12.6
Unarmed Combat | 4 5 6 8 10 12 14 15 16 18 | 18.5
Fighting       | 3 4 5 6 7 8 9 10 11 | 11.6
Dodging        | 3 5 7 |  7.4

Action                   |  1- 3 |  4- 6 |  7- 9 | 10-12 | 13-15 || total
-------------------------+-------+-------+-------+-------+-------++-------
Melee: Unarmed           |    86 |   170 |   268 |   719 |   922 ||  2165
Throw: Dart              |       |       |     7 |    24 |     8 ||    39
       Boomerang         |       |       |       |     4 |       ||     4
Invok: Lunge             |       |       |     4 |    82 |    96 ||   182
       Whirlwind         |       |       |       |   145 |   410 ||   555
       Serpent's Lash    |       |       |       |     4 |     9 ||    13
       Heavenly Storm    |       |       |       |       |     3 ||     3
Evoke: Wand              |       |       |       |     3 |     4 ||     7
       Phantom mirror    |       |       |       |       |     1 ||     1
  Use: Scroll            |       |     7 |     9 |    17 |    10 ||    43
       Potion            |       |       |       |     4 |     5 ||     9
 Stab: Sleeping          |       |       |       |    10 |     5 ||    15
       Invisible         |       |       |       |     2 |       ||     2
       Petrified         |       |       |       |       |    10 ||    10
       Petrifying        |       |       |       |       |     3 ||     3
Armor: Robe              |    40 |    44 |    19 |       |       ||   103
       Steam dragon scal |       |       |    49 |   134 |   149 ||   332
       Skin              |       |       |       |    14 |       ||    14
Dodge: Dodged            |    25 |    65 |    70 |   172 |   192 ||   524
Block: Kite shield       |    46 |    64 |    75 |   243 |   144 ||   572
       Tower shield      |       |       |       |       |   245 ||   245
